 Dungeon Crawl Stone Soup version 0.20.0-15-g7f486f2 (webtiles) character file.

70 vishdafish the Covered (level 4, -12/40 HPs)
             Began as a Minotaur Fighter on June 18, 2017.
             Mangled by a gnoll
             ... wielding a +0 halberd
              (16 damage)
             ... on level 2 of the Dungeon.
             The game lasted 00:03:45 (914 turns).

vishdafish the Covered (Minotaur Fighter)            Turns: 914, Time: 00:03:46

Health: -12/40     AC:  7    Str: 21 (23) XL:     4   Next: 3%
Magic:  3/3        EV:  7    Int:  4 (5)  God:
Gold:   33         SH:  9    Dex:  6 (8)  Spells: 3/3 levels left

rFire    . . .     SeeInvis .   a - +0 long sword
rCold    . . .     Gourm    .   c - +0 shield
rNeg     . . .     Faith    .   b - +0 scale mail
rPois    .         Spirit   .   (helmet restricted)
rElec    .         Reflect  .   (no cloak)
rCorr    .         Harm     .   (no gloves)
MR       .....                  (no boots)
Stlth    ..........             (no amulet)
Regen    0.2/turn               (no ring)
MPRegen  0.1/turn               (no ring)

@: no status effects
A: retaliatory headbutt, horns 2, clumsy 1, strong 1, subdued magic 1
a: no special abilities


You were on level 2 of the Dungeon.
You were not hungry.

You visited 1 branch of the dungeon, and saw 2 of its levels.

You collected 33 gold pieces.

Inventory:

Hand Weapons
 a - a +0 long sword (weapon)
Missiles
 g - 13 poisoned needles (quivered)
Armour
 b - a +0 scale mail (worn)
 c - a +0 shield (worn)
Jewellery
 m - an uncursed amulet of guardian spirit {unknown}
Scrolls
 l - a scroll of teleportation {unknown}
 n - a scroll of fog {unknown}
Potions
 d - a potion of might
 e - a potion of curing {unknown}
 i - a potion of brilliance {unknown}
 j - a potion of haste {unknown}
Comestibles
 f - 3 bread rations


   Skills:
 + Level 4.1 Fighting
 + Level 3.7 Long Blades
 + Level 4.2 Armour
 + Level 4.2 Shields


You had 3 spell levels left.
You didn't know any spells.

Dungeon Overview and Level Annotations

Branches:
Dungeon (2/15)

Altars:
Gozag
The Shining One


Innate Abilities, Weirdness & Mutations

You reflexively headbutt those who attack you in melee.
You have a pair of horns on your head.
You are clumsy. (Dex -2)
Your muscles are strong. (Str +2)
Your spells are a little easier to cast, but a little less powerful.


Message History

You slash the giant cockroach!
You kill the giant cockroach!
The gnoll closely misses you.
You slash the gnoll!
You kill the gnoll!
You have reached level 4!
You feel stronger. You block the gnoll's attack.
Your shield prevents you from hitting the gnoll.
You block the gnoll's attack. The gnoll closely misses you.
You closely miss the gnoll. You block the gnoll's attack.
The gnoll hits you from afar with a halberd.
* * * LOW HITPOINT WARNING * * *
The gnoll hits you with a club!
* * * LOW HITPOINT WARNING * * *
It was a potion of degeneration.
There was something very wrong with that liquid.
You feel weakened.
You feel dopey.
You feel clumsy.
The gnoll hits you from afar with a halberd!
You die...

######## #......> #######
#.......
.......#############.......
#..gg@...††........[..
##..g###########.......
##.....## ###.....†.
#....gg.# #.<.......
#....g..# #..#....... #
#....(..# ....##....... #.
##.....####.### #.......
#..#...........# ####.##.
...........##### .....


You could see 3 gnolls.

Vanquished Creatures
  A gnoll (D:2)
  An adder (D:2)
  2 oozes
  A worm (D:2)
  A leopard gecko (D:1)
  A giant cockroach (D:2)
  5 goblins
  6 hobgoblins
  2 jackals (D:2)
  6 bats
  7 kobolds
  3 rats
  A fungus (D:1)
37 creatures vanquished.

Notes
Turn   | Place    | Note
-------+----------+-------------------------------------------
     0 | D:1      | vishdafish the Minotaur Fighter began the quest for the Orb.
     0 | D:1      | Reached XP level 1. HP: 19/19 MP: 0/0
   135 | D:1      | Reached XP level 2. HP: 27/27 MP: 1/1
   491 | D:1      | Reached XP level 3. HP: 33/33 MP: 2/2
   889 | D:2      | Found a glowing golden altar of the Shining One.
   890 | D:2      | Found an opulent altar of Gozag.
   908 | D:2      | Gained mutation: Your spells are a little easier to cast, but a little less powerful. [potion of mutation]
   908 | D:2      | Gained mutation: You are clumsy. (Dex -2) [potion of mutation]
   908 | D:2      | Gained mutation: Your muscles are strong. (Str +2) [potion of mutation]
   911 | D:2      | Reached XP level 4. HP: 14/40 MP: 3/3
   914 | D:2      | Mangled by a gnoll

Skill      XL: |  1  2  3 |
---------------+----------+-----
Armour         | 4 |  4.2
Long Blades    | 3 |  3.7
Fighting       | 4 |  4.1
Shields        | 4 |  4.2

Action                   |  1- 3 |  4- 6 || total
-------------------------+-------+-------++-------
Melee: Long sword        |    92 |     2 ||    94
       Headbutt          |    21 |       ||    21
  Use: Potion            |     1 |     1 ||     2
Armor: Scale mail        |    40 |       ||    40
Dodge: Dodged            |    29 |     1 ||    30
Block: Shield            |    66 |     3 ||    69
       Rpst.: Long sword |    12 |       ||    12
